 Dungeon Crawl Stone Soup version 0.28-a0-1233-g92def6ad0a (webtiles) character file.

Game seed: 16531687617457027776

88 Lekart the Skirmisher (level 4, 0/36 HPs)
             Began as a Draconian Chaos Knight on Dec 23, 2021.
             Was a Plaything of Xom.
             Slain by an orc (4 damage)
             ... on level 4 of the Dungeon.
             The game lasted 00:02:29 (1896 turns).

Lekart the Skirmisher (Draconian Chaos Knight)      Turns: 1896, Time: 00:02:30

Health: 0/36       AC:  5    Str: 14    XL:     4   Next: 29%
Magic:  4/4        EV: 12    Int: 13    God:    Xom [...*..]
Gold:   44         SH:  0    Dex: 12    Spells: 3/3 levels left

rFire   . . .      SeeInvis .   a - +0 hand axe (chaos)
rCold   . . .      Faith    .   (no shield)
rNeg    . . .      Spirit   .   (armour unavailable)
rPois   .          Reflect  .   (helmet restricted)
rElec   .          Harm     .   (no cloak)
rCorr   .          Rampage  .   (no gloves)
Will    .....                   (no boots)
Stlth   +.........              (no amulet)
HPRegen 0.12/turn               (no ring)
MPRegen 0.09/turn               (no ring)

@: unable to read
A: AC +5, unfitting armour, cold-blooded, frail 1, inability to read while
threatened
a: Renounce Religion


You were on level 4 of the Dungeon.
You worshipped Xom.
You were a favourite toy of Xom.
You visited 1 branch of the dungeon, and saw 4 of its levels.

You collected 44 gold pieces.

Inventory:

Hand Weapons
 a - a +0 hand axe of chaos (weapon)
Missiles
 b - 33 poisoned darts (quivered)
Scrolls
 f - a scroll of summoning {unknown}
 g - a scroll of fear {unknown}
Potions
 c - a potion of attraction {unknown}
 d - 3 potions of brilliance {unknown}
 e - a potion of curing {unknown}


   Skills:
 + Level 4.0 Fighting
 + Level 3.8 Axes
 + Level 0.7 Throwing
 + Level 3.1 Dodging


You had 3 spell levels left.
You didn't know any spells.
Your spell library was empty.

Dungeon Overview and Level Annotations

Branches:
Dungeon (3/15)

Altars:


Innate Abilities, Weirdness & Mutations

Your plain brown scales are hard. (AC +5)
You cannot fit into any form of body armour.
You are cold-blooded and may be slowed by cold attacks.
You are frail. (-10% HP)
You sometimes lose the ability to read scrolls when taking damage.


Message History

The orc misses you.
The orc wizard points at you and mumbles some strange words.
You resist with significant effort.
You hit the orc wizard.
The orc wizard is poisoned.
The orc wizard is severely wounded.
The orc hits you from afar with a +0 trident.
You feel threatened and lose the ability to read scrolls!
* * * LOW HITPOINT WARNING * * *
The orc wizard casts a spell.
The orc wizard flickers and vanishes!
Deactivating autopickup; reactivate with Ctrl-A.
The orc barely misses you.
You closely miss something.
Reactivating autopickup.
You feel a bit more experienced. The orc closely misses you.
Your Dodging skill increases to level 3!
You have reached level 4!
You feel clever.
You can read scrolls again.
The orc barely misses you.
Things that are here:
a +0 dagger; a +0 robe; an orc corpse You closely miss the orc.
The orc is heavily wounded.
The orc hits you with a +0 trident.
* * * LOW HITPOINT WARNING * * *
You barely miss the orc.
The orc is heavily wounded.
The orc hits you but does no damage.
You hit the orc but do no damage.
Your tail-slap misses the orc.
The orc is heavily wounded.
The orc hits you with a +0 trident.
You feel threatened and lose the ability to read scrolls!
* * * LOW HITPOINT WARNING * * *
You hit the orc but do no damage.
You tail-slap the orc, but do no damage.
The orc is heavily wounded.
The orc hits you with a +0 trident.
You die... "I guess I need a new plaything now."

#o# #.#####.## .. #.#
#.##...#.## #. #.#
#.#.###.#.####### #.
.#o#######..## ##.#.>....# #.
$o......##.## ##.#####.# #.
#####.#.##.# #....>#.# #.##
#.#.##.## ##.###.#.#####...
#.#.#(.)## ##.##.............
#.....#..###@###.#.#######...
###.#...#).o.# #.#.# ###..#.
#.##.###.#.# #.#.# #...###
#.##.# #.#.###.#.# #.#..#.
#.##.###....#....# #.##†..
#.##..........#.[# #.###.#
#.######....#...## ##.###.#
#.# #.#.###.#####...##.# #..
#.#.....(.>.........


You could see an orc.

Vanquished Creatures
  A hound (D:4)
  An orc wizard (D:4)
  2 dart slugs
  2 orcs (D:4)
  4 ball pythons
  3 endoplasms
  2 giant cockroaches
  A goblin (D:2)
  3 hobgoblins (D:1)
  2 kobolds (D:1)
  A bat (D:2)
  A rat (D:1)
23 creatures vanquished.

Vanquished Creatures (others)
  8 plants (D:4)
8 creatures vanquished.

Grand Total: 31 creatures vanquished

Notes
Turn   | Place    | Note
-------+----------+-------------------------------------------
     0 | D:1      | Lekart the Draconian Chaos Knight began the quest for the
                  | Orb.
     0 | D:1      | Reached XP level 1. HP: 19/19 MP: 1/1
   160 | D:1      | XOM: divination: magic mapping
   659 | D:1      | Reached XP level 2. HP: 25/26 MP: 2/2
   743 | D:1      | XOM: give mutations
   743 | D:1      | Gained mutation: You sometimes lose the ability to read
                  | scrolls when taking damage. [Xom's mischief]
   743 | D:1      | Gained mutation: You are frail. (-10% HP) [Xom's mischief]
   765 | D:1      | Found a faded altar of an unknown god.
  1164 | D:2      | XOM: butterfly on damage
  1167 | D:2      | XOM: confuse monster(s)
  1180 | D:3      | You fall into a shaft and drop 1 floor!
  1392 | D:4      | XOM: 3-stop teleportation journey
  1485 | D:4      | Reached XP level 3. HP: 20/29 MP: 3/3
  1728 | D:4      | Reached skill level 4 in Fighting
  1856 | D:4      | XOM: noise
  1892 | D:4      | Reached XP level 4. HP: 9/36 MP: 4/4
  1896 | D:4      | Slain by an orc

Illustrated notes

Levels and vault maps discovered:
D:1:      dpeg_arrival_short_road, layout_loops_corners,
          hellmonk_ecumenical_altar_arch_garden
D:2:      layout_basic, serial_shops, nicolae_shop_waterfront, serial_forest,
          infiniplex_forest_clump_double, infiniplex_forest_lined_ring,
          infiniplex_forest_lined_3, infiniplex_forest_lined_3,
          infiniplex_forest_corner_2, infiniplex_forest_clump_cross,
          infiniplex_forest_clump_double, infiniplex_forest_lined_corner,
          infiniplex_forest_straight_2, basic_altar, minmay_misc_feat_chi
D:3:      layout_basic, solitary_fountain
D:4:      layout_loops_ring, serial_bayou_crossing

Skill      XL: |  1  2  3 |
---------------+----------+-----
Fighting       | 4 |  4.0
Dodging        | 3 |  3.1
Axes           | |  3.8
Throwing       | |  0.7

Action                   |  1- 3 |  4- 6 || total
-------------------------+-------+-------++-------
Melee: Hand axe          |    65 |     4 ||    69
       Tailslap          |     3 |     1 ||     4
Throw: Dart              |    14 |       ||    14
  Use: Potion            |     1 |       ||     1
Armor: Skin              |    19 |     1 ||    20
Dodge: Dodged            |    54 |     1 ||    55

Table legend: (Time is in decaauts)
 A = Elapsed time spent in this place.
 B = Non-inter-level travel time spent in this place.
 C = Inter-level travel time spent in this place.
 D = Time resting spent in this place.
 E = Time spent auto-exploring this place.
 F = Levels seen in this place.
 G = Mean time per level.
                   A        B        C        D        E       F      G
               +--------+--------+--------+--------+--------+-----+--------+
         Total |   1903 |   1890 |     13 |    481 |   1134 |   4 |  475.8 |
       Dungeon |   1903 |   1890 |     13 |    481 |   1134 |   4 |  475.8 |
               +--------+--------+--------+--------+--------+-----+--------+

Top non-repeatable levels by time:
     D:1: 1132 daAuts
     D:4: 720 daAuts
     D:2: 51 daAuts
